 Dungeon Crawl Stone Soup version 0.27-a0-1189-gb8eb6cee8e (webtiles) character file.

Game seed: 1351290768212313132

171 spiderkeys the Bolt Thrower (level 5, -4/32 HPs)
             Began as a Kobold Hunter on May 23, 2021.
             Slain by Crazy Yiuf
             ... wielding a +3 quarterstaff of chaos
              (12 damage)
             ... on level 3 of the Dungeon.
             The game lasted 00:04:42 (4323 turns).

spiderkeys the Bolt Thrower (Kobold Hunter)         Turns: 4323, Time: 00:04:43

Health: -4/32      AC:  4    Str: 10    XL:     5   Next: 81%
Magic:  5/5        EV: 20    Int: 12    God:
Gold:   93         SH:  0    Dex: 16    Spells: 4/4 levels left

rFire    . . .     SeeInvis .   a - +1 hand crossbow
rCold    . . .     Faith    .   (shield restricted)
rNeg     . . .     Spirit   .   c - +0 leather armour
rPois    .         Reflect  .   (no helmet)
rElec    .         Harm     .   (no cloak)
rCorr    .         Rampage  .   h - +0 pair of gloves
Will     .....                  (no boots)
Stlth    +++.......             (no amulet)
HPRegen  0.10/turn              (no ring)
MPRegen  0.09/turn              (no ring)

@: agile, hasted and slowed
A: small, no large weapons, nightstalker 3
a: no special abilities


You were on level 3 of the Dungeon.
You visited 1 branch of the dungeon, and saw 3 of its levels.

You collected 93 gold pieces.


Innate Abilities, Weirdness & Mutations

You are small and have problems with some larger weapons.
You are completely attuned to the shadows.


   Skills:
 + Level 3.3 Fighting
 + Level 2.7 Short Blades
 + Level 5.5 Crossbows
 + Level 3.6 Dodging
 + Level 3.4 Stealth


You had 4 spell levels left.
You didn't know any spells.
Your spell library was empty.

Inventory:

Hand Weapons
 a - a +1 hand crossbow (weapon)
 b - a +0 short sword
Missiles
 d - 30 bolts (quivered ammo)
 e - 115 stones
 f - 24 sling bullets
 g - 18 poisoned darts
 l - 3 silver boomerangs
Armour
 c - a +0 leather armour (worn)
 h - a +0 pair of gloves (worn)
   (You found it on level 2 of the Dungeon)
Scrolls
 k - a scroll of holy word {unknown}
 m - a scroll of identify {@r1}
 n - a scroll of fear {unknown}
Potions
 j - a potion of attraction {unknown}

Dungeon Overview and Level Annotations

Branches:
Dungeon (3/15)

Altars:

Annotations:
D:3 Crazy Yiuf

#......####.'...#
#...#.## ###..)#
#.##### #### #.#
#(# #.# ## #.# #>
#g# #. #@# #. #.#
#< #.# #.
#.######### #.
#.........# ####.
#######...####....
#...##......
#..........#
#....#####..


You could see Crazy Yiuf.


Message History

You kill the orc!
An orc priest comes into view. It is wielding a +0 mace.
You shoot a bolt. The orc wizard shouts!
The orc priest shouts!
The bolt hits the orc priest!
You shoot a bolt. The orc shouts!
The bolt hits the orc priest!
You kill the orc priest!
You shoot a bolt. The bolt barely misses the orc wizard.
The bolt hits the orc!
You kill the orc!
The orc wizard misses you.
You shoot a bolt.
The bolt hits the orc wizard but does no damage.
The orc wizard gestures at you while chanting.
You resist with some effort.
You shoot a bolt. The bolt closely misses the orc wizard.
The orc wizard hits you with a +0 dagger.
The orc wizard barely misses you. 😕 HP[-1]
You take 1 damage, and now have 31/32 hp.
You shoot a bolt. The bolt barely misses the orc wizard.
The orc wizard hits you with a +0 dagger. 😕 HP[-1]
You take 1 damage, and now have 30/32 hp.
You shoot a bolt. The bolt hits the orc wizard!
The orc wizard hits you with a +0 dagger. 😕 HP[-1]
You take 1 damage, and now have 29/32 hp.
You shoot a bolt. The bolt hits the orc wizard.
The orc wizard closely misses you.
You shoot a bolt. The bolt hits the orc wizard!
You kill the orc wizard!
d - 22 bolts (gained 1)
You see here a +0 trident of flaming. 😎 HP[+3]
Your hp is fully restored (32).
d - 23 bolts (gained 1)
d - 24 bolts (gained 1)
You see here a +0 mace.
d - 25 bolts (gained 1)
d - 26 bolts (gained 1)
Things that are here:
a +0 club; a +0 ring mail
d - 28 bolts (gained 2)
Things that are here:
a +0 club; a +0 ring mail
d - 32 bolts (gained 4)
Things that are here:
a +0 dagger; a +0 robe You see here a +0 trident of flaming.
Things that are here:
a +0 dagger; a +0 robe Key pressed, stopping explore.
Key pressed, stopping explore.
You see here a +0 mace.
You see here a +0 trident of flaming.
You see here a +0 mace.
You see here a +0 mace.
You see here a +0 mace.
b - a +0 short sword (weapon)
a - a +1 hand crossbow (weapon)
b - a +0 short sword (weapon)
You open the door.
Crazy Yiuf shouts!
There is an open translucent door here.
a - a +1 hand crossbow (weapon)
Crazy Yiuf cries, "Island childish King!"
You see here a +0 mace.
You see here a +0 mace.
You see here a +0 mace.
Fire: 32 bolts
Press: ? - help, Q - select action, (/) - cycle Shift-Dir - straight line, f - Crazy Yiuf
Aim: Crazy Yiuf, wielding a +3 quarterstaff of chaos and wearing a +0 cloak (70% to hit)
You shoot a bolt. The bolt hits Crazy Yiuf!
Crazy Yiuf hits you with a +3 quarterstaff of chaos!
Crazy Yiuf freezes you. 😮 HP[-11]
You take 11 damage, and now have 21/32 hp.
MASSIVE DAMAGE!! (PAUSE) Fire: 31 bolts
Press: ? - help, Q - select action, (/) - cycle Shift-Dir - straight line, f/p - Crazy Yiuf
Aim: Crazy Yiuf, wielding a +3 quarterstaff of chaos and wearing a +0 cloak (heavily wounded, 70% to hit)
You shoot a bolt. The bolt barely misses Crazy Yiuf.
Crazy Yiuf hits you with a +3 quarterstaff of chaos!
* * * LOW HITPOINT WARNING * * *
You feel agile all of a sudden. 😱 HP[-13]
You take 13 damage, and now have 8/32 hp.
MASSIVE DAMAGE!! (PAUSE)
As you read the scroll labelled ZAFON KYTUIG, it crumbles to dust.
It is a scroll of identify.
i - a potion of haste Crazy Yiuf hits you with a +3 quarterstaff of chaos.
* * * LOW HITPOINT WARNING * * *
You feel yourself slow down.
You feel yourself speed up.
Crazy Yiuf cries, "Walk verde unthinkable!"
Crazy Yiuf hits you with a +3 quarterstaff of chaos!
You die...

Skill      XL: |  1  2  3  4  5 |
---------------+----------------+-----
Short Blades   | 1 2 |  2.7
Crossbows      | 5 |  5.5
Stealth        | 2 3 |  3.4
Dodging        | 3 |  3.6
Fighting       | 3 |  3.3

Action                   |  1- 3 |  4- 6 || total
-------------------------+-------+-------++-------
Melee: Short sword       |   102 |    92 ||   194
 Fire: Hand crossbow     |     5 |    27 ||    32
  Use: Scroll            |     1 |     1 ||     2
       Potion            |       |     1 ||     1
 Stab: Sleeping          |    15 |    13 ||    28
Armor: Leather armour    |    31 |    18 ||    49
Dodge: Dodged            |    89 |    60 ||   149

Levels and vault maps discovered:
D:1:      dpeg_arrival_water_temple_mockup, layout_loops_ring,
          serial_bayou_ford_a, minmay_pentomino_o4
D:2:      layout_basic, minmay_misc_feat_diagonals
D:3:      layout_rooms, ebering_ecumenical_altar_webs,
          hangedman_decor_clover_reticule, st_stairs_8, uniq_crazy_yiuf_cottage

Notes
Turn   | Place    | Note
-------+----------+-------------------------------------------
     0 | D:1      | spiderkeys the Kobold Hunter began the quest for the Orb.
     0 | D:1      | Reached XP level 1. HP: 12/12 MP: 1/1
     0 | D:1      | magus.rc [v1.9.10]
   147 | D:1      | Reached XP level 2. HP: 18/18 MP: 2/2
   289 | D:1      | Reached skill level 1 in Short Blades
   289 | D:1      | Reached skill level 5 in Crossbows
   296 | D:1      | Reached skill level 2 in Stealth
   310 | D:1      | HP: 2/18 [goblin/+0 club (3)]
   624 | D:1      | Reached XP level 3. HP: 22/22 MP: 3/3
  1540 | D:2      | Reached skill level 3 in Dodging
  1809 | D:2      | Reached XP level 4. HP: 21/27 MP: 4/4
  3064 | D:3      | Reached skill level 2 in Short Blades
  3121 | D:3      | Reached skill level 3 in Fighting
  3562 | D:3      | Reached XP level 5. HP: 31/32 MP: 5/5
  3605 | D:3      | Found a faded altar of an unknown god.
  3641 | D:3      | Reached skill level 3 in Stealth
  3972 | D:3      | Found a runed translucent door.
  3975 | D:3      | Noticed Crazy Yiuf
  4321 | D:3      | HP: 8/32 [Crazy Yiuf/+3 quarterstaff of chaos (13)]
  4323 | D:3      | Slain by Crazy Yiuf

Vanquished Creatures
  An orc priest (D:3)
  An orc wizard (D:3)
  4 adders
  3 worms
  2 dart slugs
  4 orcs
  6 ball pythons
  10 endoplasms
  A giant cockroach (D:2)
  6 goblins
  2 hobgoblins (D:1)
  5 jackals
  5 bats
  3 frilled lizards
  5 kobolds
  11 rats
69 creatures vanquished.

Table legend:
 A = Non-vault XP
 B = Vault XP
 C = Vault XP percentage of total XP
 D = Non-vault monster count
 E = Vault monster count
 F = Vault count percentage of total count
                 A         B        C        D         E       F
            +---------+---------+-------+---------+---------+-------
      Total |     238 |       7 |   2.9 |      65 |       4 |   5.8
            +---------+---------+-------+---------+---------+-------
        D:1 |      43 |       6 |  12.2 |      27 |       3 |  10.0
        D:2 |      48 |       0 |   0.0 |      18 |       0 |   0.0
        D:3 |     147 |       1 |   0.7 |      20 |       1 |   4.8
            +---------+---------+-------+---------+---------+-------

Illustrated notes

Table legend:
 A = Kills in this place as a percentage of kills in entire the game.
 B = Kills by you in this place as a percentage of kills by you in the entire game.
 C = Kills by friends in this place as a percentage of kills by friends in the entire game.
 D = Other kills in this place as a percentage of other kills in the entire game.
 E = Experience gained in this place as a percentage of experience gained in the entire game.
 F = Experience gained in this place divided by the number of levels of this place that you have seen.
                   A       B       C       D       E      F
               +-------+-------+-------+-------+-------+----------------------
         Total | 100.0 | 100.0 |   N/A |   N/A | 100.0 |  81.7
       Dungeon | 100.0 | 100.0 |   N/A |   N/A | 100.0 |  81.7
               +-------+-------+-------+-------+-------+----------------------

Table legend: (Time is in decaauts)
 A = Elapsed time spent in this place.
 B = Non-inter-level travel time spent in this place.
 C = Inter-level travel time spent in this place.
 D = Time resting spent in this place.
 E = Time spent auto-exploring this place.
 F = Levels seen in this place.
 G = Mean time per level.
                   A        B        C        D        E       F      G
               +--------+--------+--------+--------+--------+-----+--------+
         Total |   4349 |   4217 |    132 |    566 |   3062 |   3 | 1449.7 |
       Dungeon |   4349 |   4217 |    132 |    566 |   3062 |   3 | 1449.7 |
               +--------+--------+--------+--------+--------+-----+--------+

Top non-repeatable levels by time:
     D:2: 1791 daAuts
     D:1: 1516 daAuts
     D:3: 1041 daAuts
